 Dungeon Crawl Stone Soup version 0.19-a0-821-gf489216 (webtiles) character file.

30 Gruud the Grave Robber (level 3, -4/24 HPs)
             Began as a Demonspawn Necromancer on June 29, 2016.
             Slain by a worm (11 damage)
             ... on level 2 of the Dungeon.
             The game lasted 00:03:01 (973 turns).

Gruud the Grave Robber (Demonspawn Necromancer)      Turns: 973, Time: 00:03:01

Health: -4/24      AC:  3    Str:  9    XL:     3   Next: 3%
Magic:  1/6        EV: 12    Int: 16    God:
Gold:   73         SH:  0    Dex: 13    Spells: 2 memorised, 4 levels left

rFire  + . .     SeeInvis .     e - +0 flail
rCold  . . .     Gourm    .     a - +0 robe
rNeg   . . .     Faith    .     (no shield)
rPois  .         Spirit   .     (no helmet)
rElec  .         Dismiss  .     j - +0 cloak
rCorr  .         Reflect  .     (no gloves)
SustAt .         Harm     .     (no boots)
MR     .....                    (no amulet)
Stlth  ++........               (no ring)
                                (no ring)

@: not resistant to hostile enchantments, unstealthy
A: fire resistance 1
a: no special abilities


You were on level 2 of the Dungeon.
You were hungry.

You visited 1 branch of the dungeon, and saw 2 of its levels.

You collected 73 gold pieces.

Inventory:

Hand Weapons
 e - a +0 flail (weapon)
 h - a +0 short sword
Armour
 a - a +0 robe (worn)
 j - a +0 cloak (worn)
Scrolls
 d - a scroll of recharging {unknown}
 g - 2 scrolls of identify {unknown}
 i - 2 scrolls of teleportation {unknown}
Potions
 k - a potion of flight {unknown}
 m - a potion of curing {unknown}
Books
 b - a book of Necromancy

   Spells                             Type                      Level
   a - Pain                           Necromancy                   1
   b - Animate Skeleton               Necromancy                   1
   c - Vampiric Draining              Necromancy                   3
   d - Regeneration                   Charms/Necromancy            3
   e - Animate Dead                   Necromancy                   4
   f - Control Undead                 Necromancy                   4
Comestibles
 c - a bread ration
 f - 2 chunks of flesh
 l - a slice of pizza
 n - a meat ration


   Skills:
 - Level 1.7 Dodging
 - Level 1.7 Stealth
 + Level 2.2 Spellcasting
 * Level 5.3 Necromancy


You had 4 spell levels left.
You knew the following spells:

 Your Spells              Type           Power        Failure   Level  Hunger
a - Pain                  Necr           ###.         2%          1    #......
b - Animate Skeleton      Necr           N/A          2%          1    #......


Dungeon Overview and Level Annotations

Branches:
Dungeon (2/15)

Altars:


Innate Abilities, Weirdness & Mutations

Your flesh is heat resistant. (rF+)


Message History

Casting: Pain
Confirm with . or Enter, or press ? or * to list all spells.
Aiming: Pain
Press: ? - help, Shift-Dir - straight line, f/p - worm
Aim: a worm (heavily wounded, chance to defeat MR: 84%)
The worm convulses in agony!
You barely miss the worm.
The worm is heavily wounded.
The worm closely misses you.
You hit the worm.
The worm is severely wounded.
The worm bites you.
You barely miss the worm.
The worm is severely wounded.
The worm bites you!
* * * LOW HITPOINT WARNING * * *
You barely miss the worm.
The worm is heavily wounded.
The worm bites you!
You die...

#.##.#.#.#..#.#.##.#.#
#.##.#....<........#.#
#.##.###.##.#.#.####.#
#.##.# #.#...........#
#.##.# #.#..#.#.######
#.##.# #....#.#.#
#.##.# ####.#.#.#
#.#..# #.....#
#.#.#######.#@###
#.............w......
###.........#.#######
#.#########.# ### ###


You could see a worm.

Vanquished Creatures
  A gnoll (D:1)
  A worm (D:2)
  A giant gecko (D:1)
  2 giant cockroaches (D:1)
  2 goblins (D:1)
  3 hobgoblins (D:1)
  A bat (D:1)
  A giant newt (D:1)
  2 kobolds (D:1)
  3 rats (D:1)
17 creatures vanquished.

Notes
Turn   | Place    | Note
--------------------------------------------------------------
     0 | D:1      | Gruud the Demonspawn Necromancer began the quest for the Orb.
     0 | D:1      | Reached XP level 1. HP: 13/13 MP: 3/3
     2 | D:1      | Learned a level 1 spell: Animate Skeleton
   321 | D:1      | Gained mutation: Your flesh is heat resistant. (rF+) [demonic ancestry]
   321 | D:1      | Reached XP level 2. HP: 14/19 MP: 3/5
   419 | D:1      | Reached skill level 5 in Necromancy
   830 | D:2      | Reached XP level 3. HP: 19/24 MP: 0/6
   973 | D:2      | Slain by a worm

Vault maps used:
D:1:      dpeg_arrival_simpleton_b
D:2:      serial_curves, eino_curves_02, eino_curves_02

Skill      XL: |  1  2 |
---------------+-------+-----
Necromancy     | 5 |  5.3
Dodging        | |  1.7
Stealth        | |  1.7
Spellcasting   | |  2.2

Action                   || total
-------------------------++-------
Melee: Short sword       ||    22
       Flail             ||    10
 Cast: Pain              ||    24
       Animate Skeleton  ||     1
  Use: Scroll            ||     1
 Stab: Sleeping          ||     1
Armor: Robe              ||     7
Dodge: Dodged            ||    20
